 Dungeon Crawl Stone Soup version 0.32-a0-19-g28bc0835a1 (webtiles) character file.

Game seed: 1134935232101263677

109 Morbidden the Ruffian (level 4, -2/41 HPs)
             Began as a Troll Shapeshifter on Jan 17, 2024.
             Slain by Grinder (4 damage)
             ... while paralysed by Grinder
             ... on level 3 of the Dungeon.
             The game lasted 00:02:27 (1430 turns).

Morbidden the Ruffian (Troll Shapeshifter)          Turns: 1430, Time: 00:02:28

Health: -2/41      AC:  4    Str: 24    XL:     4   Next: 59%
Magic:  3/3        EV:  1    Int:  6    God:
Gold:   121        SH:  0    Dex:  9    Spells: 3/3 levels left

rFire   . .          .
                       - Unarmed
rCold   . . .        (no shield)
rNeg    . . .        a - +0 animal skin
rPois   .            (helmet currently unavailable)
rElec   .            (cloak currently unavailable)
rCorr   .            (gloves unavailable)
SInv    .            (boots unavailable)
Will    .....        n - amulet of the acrobat
Stlth   +            f - +5 ring of evasion
HPRegen 1.06/turn    (no ring)
MPRegen 0.08/turn

%: acrobat
@: paralysed, beast-form
A: beast (slay +2), large, unfitting armour, claws 3, regeneration 1, shaggy fur
1, tough skin 1
a: Begin Untransformation


You were on level 3 of the Dungeon.
You were a hulking beast.
You visited 1 branch of the dungeon, and saw 3 of its levels.

You collected 121 gold pieces.

Inventory:

Missiles
 e - 44 stones (quivered)
Armour
 a - a +0 animal skin (worn)
Jewellery
 f - a +5 ring of evasion (left claw)
 n - an amulet of the acrobat (around neck)
Talismans
 c - a beast talisman
 d - a flux talisman
Wands
 k - a wand of flame (13)
 p - a wand of digging (6)
Scrolls
 i - a scroll of enchant weapon {unknown}
 j - a scroll of brand weapon {unknown}
 l - a scroll of poison {unknown}
 m - a scroll of teleportation {unknown}
Potions
 b - a potion of lignification
 g - a potion of enlightenment {unknown}
 h - a potion of heal wounds {unknown}
 o - a potion of might {unknown}
 q - a potion of curing {unknown}


   Skills:
 * Level 1.4 Fighting
 * Level 0.5 Throwing
 * Level 2.3 Dodging
 * Level 4.0 Unarmed Combat
 + Level 0.1 Spellcasting
 * Level 3.5 Shapeshifting


You had 3 spell levels left.
You didn't know any spells.
Your spell library contained the following spells:

 Spells                   Type           Power      Damage    Failure   Level
 Magic Dart               Conj           0%         1d3       45%         1
 Searing Ray              Conj           0%         2d4       58%         2
 Fulminant Prism          Conj/Alch      0%         3d5       99%         4


Dungeon Overview and Level Annotations

Branches:
Dungeon (3/15)

Altars:

Shops:
D:1 !=(*

Annotations:
D:3 Grinder


Innate Abilities, Weirdness & Mutations

You are a hulking beast.
Your limbs bulge with bestial killing power. (Slay +2)
You are too large for most types of armour.
You have claws for hands.
Your natural rate of healing is unusually fast.
You are covered in fur. (AC +1)
You have tough skin. (AC +1)


Message History

Found a scroll labelled CUWEUTSYIDD.
The kobold throws a stone.
The stone misses you.
Grinder says, "There's only one good use for a tongue: cutting it out."
An adder comes into view. x2
The adder hisses angrily. x2
The hobgoblin misses you. Grinder gestures at you.
Pain shoots through your body!
You claw Grinder!
Grinder is lightly wounded.
An endoplasm comes into view.
The kobold closely misses you. The hobgoblin completely misses you.
Grinder gestures at you. Pain shoots through your body!
Unknown command.
Unknown command.
You barely miss Grinder.
Grinder is lightly wounded.
The kobold barely misses you. The hobgoblin misses you. Grinder hits you.
You writhe in agony.
Unknown command.
You claw Grinder!
Grinder is severely wounded.
The kobold hits you with a +0 short sword.
The hobgoblin barely misses you. Grinder gestures at you.
You suddenly lose the ability to move!
The kobold hits you but does no damage. The hobgoblin hits you.
Grinder hits you!
* * * LOW HITPOINT WARNING * * *
The adder bites you but does no damage.
The kobold hits you with a +0 short sword.
* * * LOW HITPOINT WARNING * * *
The hobgoblin hits you.
* * * LOW HITPOINT WARNING * * *
Grinder hits you.
* * * LOW HITPOINT WARNING * * *
You writhe in agony.
You die...
Grinder says, "Hey, I wasn't done torturing you yet!"

......# ......#
#.......# ......#
#.......# ......#
#.......# ......#
#.......# ......# #.
##.......# ......# ##.
#........#
......#.##.###..SK....##
........##.##...h5SJ..?#
.....###......#..g......
.....# #......#.#.......
.....###......#.#.#....#
......##.....##...#....#
......##.....###### ...#
......>......# ..#
.............# ..#
.............#


You could see Grinder, 2 adders, an endoplasm, a hobgoblin and a kobold.

Vanquished Creatures
  Robin (D:2)
  A gnoll (D:1)
  5 adders
  4 ball pythons
  3 giant cockroaches
  6 goblins
  6 hobgoblins
  5 kobolds
  2 quokkas
  4 bats
  3 frilled lizards (D:1)
  4 rats
44 creatures vanquished.

Notes
Turn   | Place    | Note
-------+----------+-------------------------------------------
     0 | D:1      | Morbidden the Troll Shapeshifter began the quest for the
                  | Orb.
     0 | D:1      | Reached XP level 1. HP: 18/18 MP: 0/0
   153 | D:1      | Found a faded altar of an unknown god.
   164 | D:1      | Found Unetow's Distillery.
   167 | D:1      | Reached XP level 2. HP: 22/26 MP: 1/1
   200 | D:1      | Found Jidufy's Antique Weapon Boutique.
   210 | D:1      | Reached skill level 1 in Fighting
   249 | D:1      | Reached XP level 3. HP: 33/33 MP: 2/2
   288 | D:1      | Found Hixt's Assorted Antiques.
   394 | D:1      | Found Bugiffie's Jewellery Shoppe.
   752 | D:2      | Noticed Robin
   764 | D:2      | Killed Robin
   896 | D:2      | Reached XP level 4. HP: 41/41 MP: 3/3
  1415 | D:3      | Reached skill level 4 in Unarmed Combat
  1423 | D:3      | Noticed Grinder
  1428 | D:3      | Paralysed by Grinder for 4 turns
  1430 | D:3      | HP: 2/41 [Grinder (4)]
  1430 | D:3      | Slain by Grinder

Illustrated notes

Levels and vault maps discovered:
D:1:      dpeg_arrival_circle_labyrinth_c, layout_rooms,
          shapermc_ecumenical_altar_gd, serial_shops, nicolae_square_shop,
          nicolae_shop_rolling_square, shop, nicolae_shop_peninsula
D:2:      layout_loops_ring, uniq_robin
D:3:      layout_basic, uniq_terence, uniq_grinder

Skill      XL: |  1  2  3  4 |
---------------+-------------+-----
Fighting       | 1 |  1.4
Dodging        | 2 |  2.3
Unarmed Combat | 4 |  4.0
Throwing       | |  0.5
Spellcasting   | |  0.1
Shapeshifting  | |  3.5

Action                     |  1- 3 |  4- 6 || total
---------------------------+-------+-------++-------
  Melee: Unarmed           |    79 |    24 ||   103
         Punch             |       |     1 ||     1
 Armour: Animal skin       |    53 |    16 ||    69
  Dodge: Dodged            |    76 |    23 ||    99

Table legend: (Time is in decaauts)
 A = Elapsed time spent in this place.
 B = Non-inter-level travel time spent in this place.
 C = Inter-level travel time spent in this place.
 D = Time resting spent in this place.
 E = Time spent auto-exploring this place.
 F = Levels seen in this place.
 G = Mean time per level.
                   A        B        C        D        E       F      G
               +--------+--------+--------+--------+--------+-----+--------+
         Total |   1422 |   1315 |    107 |      0 |   1064 |   3 |  474.0 |
       Dungeon |   1422 |   1315 |    107 |      0 |   1064 |   3 |  474.0 |
               +--------+--------+--------+--------+--------+-----+--------+

Top non-repeatable levels by time:
     D:1: 716 daAuts
     D:2: 622 daAuts
     D:3: 83 daAuts
